Map: Lerilak Crest

Players

Joe - Winner!

  • Race: Zerg Zerg
  • League: Silver

lesha

  • Race: Terran Terran
  • League: Silver

VOD

Have the link to the VOD?

Description

Time

  • Played on: Dec. 22, 2015, 10:47 a.m.
  • Length: 4:18
Show
View Real Time Build Order
Export as new Build Order

Joe Zerg - Winner!

Build Orders: Pool First, Zergling Baneling 

Get SALT Encoding   

  12  0:02  Drone  
  13  0:12  Overlord  
  13  0:17  Drone  
  14  0:22  Extractor  
  14  0:24  Drone  
  14  0:42  Spawning Pool  
  14  0:47  Drone  
  14  0:48  Drone  
  15  0:54  Drone  
  16  1:00  Drone  
  17  1:10  Drone  
  18  1:20  Drone  
  19  1:29  Metabolic Boost  
  19  1:31  Queen  
  21  1:35  Zergling x2  
  22  1:46  Baneling Nest, Drone  
  22  1:53  Overlord  
  22  2:18  Drone, Zergling x2  
  24  2:24  Hatchery  
  24  2:26  Zergling x2  
  24  2:46  Queen  
  24  2:48  Zergling x2  
  24  2:49  Zergling x6  
  30  3:02  Overlord  
  30  3:23  Zergling x8  
  30  3:27  Baneling x11  
  34  3:41  Drone  
Show
View Real Time Build Order
Export as new Build Order

lesha Terran 

Build Orders: Reaper Expand 

Get SALT Encoding   

  12  0:02  SCV  
  13  0:14  SCV  
  13  0:18  Supply Depot  
  14  0:26  SCV  
  15  0:40  SCV  
  15  0:41  Barracks  
  16  0:50  Refinery  
  16  0:52  SCV  
  18  1:04  SCV  
  18  1:16  SCV  
  19  1:29  Orbital Command  
  19  1:35  Reaper  
  20  1:46  Command Center  
  20  1:56  Barracks  
  20  2:00  SCV  
  21  2:10  Marine  
  22  2:22  Supply Depot  
  22  2:27  SCV  
  23  2:44  SCV  
  24  2:47  Marine  
  25  2:56  SCV  
  25  2:57  Refinery  
  26  3:04  Barracks Reactor, Barracks  
  26  3:06  Factory  
  26  3:08  SCV  
  26  3:11  Barracks Tech Lab  
  27  3:15  Orbital Command  
  27  3:16  Bunker  
  27  3:20  SCV  
  28  3:32  SCV  
  29  3:35  Marine  
Tags
 
Add a new tag
Caveats
  • Supply blocks, unpowered buildings, or Contaminate may cause inaccurate times.
  • Supply counts are checked every 10 seconds.